 Dungeon Crawl Stone Soup version 0.32-a0-329-ge6c31236d6 (webtiles) character file.

Game seed: 15180479355895103088

6195 anacleto the Mimic (level 10, -22/98 HPs)
             Began as a Troll Shapeshifter on Feb 17, 2024.
             Was a Priest of Qazlal.
             Killed by an exploding orc (37 damage)
             ... ignited by their inner flame
             ... on level 8 of the Dungeon.
             The game lasted 00:18:48 (7463 turns).

anacleto the Mimic (Troll Shapeshifter)             Turns: 7463, Time: 00:18:48

Health: -22/98     AC:  4    Str: 28    XL:     10   Next: 61%
Magic:  9/9        EV: 11    Int:  6    God:    Qazlal [***...]
Gold:   424        SH:  3    Dex:  9    Spells: 9/9 levels left

rFire   . .          .
                       - Unarmed
rCold   . . .        (no shield)
rNeg    . . .        a - +0 animal skin
rPois   .            (helmet currently unavailable)
rElec   .            (cloak currently unavailable)
rCorr   .            (gloves unavailable)
SInv    .            (boots unavailable)
Will    .....        I - amulet of the acrobat
Stlth   +            (no ring)
HPRegen 1.16/turn    (no ring)
MPRegen 0.11/turn

%: acrobat
@: beast-form, studying Throwing
A: beast (slay +4), large, unfitting armour, claws 3, regeneration 1, shaggy fur
1, tough skin 1
a: Begin Untransformation, Renounce Religion, Upheaval, Elemental Force


You were on level 8 of the Dungeon.
You worshipped Qazlal.
Qazlal was most pleased with you.
You were a hulking beast.
You visited 2 branches of the dungeon, and saw 9 of its levels.
You also visited: Bailey.

You collected 424 gold pieces.

Inventory:

Missiles
 t - 7 poisoned darts
 F - 3 darts of dispersal
 H - 23 boomerangs (quivered)
Armour
 a - a +0 animal skin (worn)
 g - a +2 cloak
Jewellery
 I - an amulet of the acrobat (around neck)
Talismans
 c - a beast talisman (active)
 d - a flux talisman
Wands
 s - a wand of polymorph (10)
 u - a wand of paralysis (10)
 y - a wand of iceblast (1)
 G - a wand of flame (65)
Scrolls
 e - a scroll of poison {unknown}
 f - 4 scrolls of enchant armour
 i - a scroll of torment {unknown}
 l - 3 scrolls of immolation
 m - 2 scrolls of fear {unknown}
 n - a scroll of revelation {unknown}
 p - 3 scrolls of fog {unknown}
 r - 4 scrolls of teleportation
 B - a scroll of silence {unknown}
 C - a scroll of blinking {unknown}
 D - a scroll of noise {unknown}
Potions
 b - 2 potions of lignification
 h - 5 potions of curing
 j - 4 potions of heal wounds
 k - a potion of invisibility {unknown}
 o - a potion of resistance {unknown}
 q - 2 potions of brilliance
 v - 3 potions of mutation {unknown}
 w - 2 potions of degeneration {unknown}
 x - a potion of berserk rage {unknown}
 z - 2 potions of attraction {unknown}
 A - 2 potions of enlightenment {unknown}
 E - a potion of ambrosia {unknown}
 J - a potion of might {unknown}


   Skills:
 + Level 6.0 Fighting
 + Level 1.6 Throwing
 + Level 6.2 Dodging
 + Level 7.8 Unarmed Combat
 * Level 9.9 Shapeshifting


You had 9 spell levels left.
You didn't know any spells.
Your spell library contained the following spells:

 Spells                   Type           Power      Damage    Failure   Level
 Apportation              Tloc           0%         N/A       45%         1
 Magic Dart               Conj           0%         1d3       45%         1
 Summon Small Mammal      Summ           0%         N/A       45%         1
 Jinxbite                 Hex            0%         N/A       58%         2
 Mercury Vapours          Alch/Air       0%         N/A       58%         2
 Searing Ray              Conj           0%         2d4       58%         2
 Call Canine Familiar     Summ           0%         N/A       83%         3
 Stone Arrow              Conj/Erth      0%         3d7       83%         3
 Animate Armour           Summ/Erth      0%         N/A       99%         4
 Fulminant Prism          Conj/Alch      0%         3d5       99%         4
 Summon Blazeheart Golem  Fire/Summ      0%         N/A       99%         4
 Alistair's Intoxication  Alch           0%         N/A       100%        5
 Summon Forest            Summ/Tloc      0%         N/A       100%        5
 Yara's Violent Unravell  Hex/Alch       0%         3d3       100%        5
 Enfeeble                 Hex            0%         N/A       100%        7
 Lehudib's Crystal Spear  Conj/Erth      0%         10d2      100%        8
 Maxwell's Capacitive Co  Air            0%         ∞         100%        8


Dungeon Overview and Level Annotations

Branches:
Dungeon (8/15)             Temple (1/1) D:5            Lair (0/5) D:8
 Bailey (visited)

Altars:
Ashenzari
Dithmenos
Elyvilon
Gozag
Hepliaklqana
Kikubaaqudgha
Makhleb
Nemelex Xobeh
Okawaru
Qazlal
Sif Muna
Uskayaw
Vehumet
Wu Jian
Xom
Zin
The Shining One


Innate Abilities, Weirdness & Mutations

You are a hulking beast.
Your limbs bulge with bestial killing power. (Slay +4)
You are too large for most types of armour.
You have claws for hands.
Your natural rate of healing is unusually fast.
You are covered in fur. (AC +1)
You have tough skin. (AC +1)


Message History

The orc wizard gestures at you while chanting.
The puff of flame misses you.
You hear a shout!
You hear a howl! 5 orcs and 2 wolves come into view.
Found 13 gold pieces.
Found a staircase to the Lair.
The wolf howls!
The orc shouts!
The orc warrior shouts!
The orc shouts!
The orc priest shouts!
You block the orc wizard's attack. The orc wizard completely misses you.
You block the wolf's attack.
As you read the scroll of immolation, it crumbles to dust.
The creatures around you are filled with an inner flame!
You block the wolf's attack.
The orc priest calls down the wrath of Beogh upon you.
Beogh smites you! The orc hits you with a +0 flail.
The orc wizard is engulfed in blazing flames.
Qazlal accepts your kill.
The orc wizard explodes!
The fiery explosion engulfs you!!
The fiery explosion engulfs the orc!!
Qazlal accepts your kill.
The fiery explosion engulfs the wolf!!!
Qazlal accepts your kill.
The wolf explodes!
The fiery explosion engulfs the orc warrior!!!
Qazlal accepts your kill. The fiery explosion engulfs you!!
* * * LOW HITPOINT WARNING * * *
The fiery explosion engulfs the wolf!!
Qazlal accepts your kill.
The wolf explodes!
The fiery explosion engulfs the orc!!
Qazlal accepts your kill.
You can now give life to nearby clouds.
The orc explodes!
The fiery explosion engulfs the orc priest!!!
Qazlal accepts your kill.
The orc priest explodes!
The fiery explosion engulfs the orc wizard!!!
Qazlal accepts your kill.
The orc wizard explodes!
The orc warrior explodes!
The orc explodes!
The fiery explosion engulfs you!!!
You die...

##.#...###.....#........
#......###..............
#.......................
#.......................
##......................
####...##.#.............##
#......................##.
#..######§§#.........#.....
#. #.○h##.......###.... #
#..§§§# ##....#..#....
#..§§§§§§ ..##.......
#....§§§§§. ...#.......
...P§§§.§... ...........
......>...... #.........
..$......P...###.........
...........#............
#............


There were no monsters in sight!

Vanquished Creatures
  2 vault guards (Bailey)
  A hornet (D:8)
  Prince Ribbit (Bailey)
  Sigmund (D:6)
  3 yaks (D:8)
  Eustachio (D:6)
  2 humans (Bailey)
  Edmund (D:6)
  Duvessa (D:6)
  2 water moccasins
  6 orc warriors
  2 ice beasts
  3 ogres (D:6)
  A phantom (D:5)
  2 wolves (D:8)
  A centaur (D:5)
  2 kobold brigands (D:8)
  11 bullfrogs
  Blork the orc (D:4)
  Dowan (D:6)
  2 bombardier beetles
  5 hounds
  4 iguanas
  4 orc priests
  A sleepcap (D:7)
  A gnoll bouda (D:6)
  Ijyb (D:4)
  11 orc wizards
  10 gnolls
  6 adders
  2 shadow imps (D:5)
  A white imp (D:5)
  2 ufetubi
  7 dart slugs
  2 ribbon worms
  17 orcs
  6 endoplasms
  A giant cockroach (D:2)
  15 goblins
  8 hobgoblins
  3 jackals (D:2)
  4 quokkas
  5 ball pythons
  4 bats
  4 frilled lizards
  15 kobolds
  9 rats
195 creatures vanquished.

Notes
Turn   | Place    | Note
-------+----------+-------------------------------------------
     0 | D:1      | anacleto the Troll Shapeshifter began the quest for the
                  | Orb.
     0 | D:1      | Reached XP level 1. HP: 18/18 MP: 0/0
    66 | D:1      | Reached skill level 1 in Fighting
    67 | D:1      | Reached XP level 2. HP: 15/27 MP: 1/1
   341 | D:1      | Reached XP level 3. HP: 33/33 MP: 2/2
   840 | D:2      | Reached XP level 4. HP: 41/41 MP: 3/3
  1180 | D:2      | Reached skill level 4 in Shapeshifting
  1266 | D:3      | Found an opulent altar of Gozag.
  1547 | D:3      | Reached XP level 5. HP: 47/49 MP: 4/4
  1876 | D:4      | Noticed Blork the orc
  1899 | D:4      | Killed Blork the orc
  1918 | D:4      | Noticed Ijyb
  1920 | D:4      | Paralysed by Ijyb for 2 turns
  1926 | D:4      | Paralysed by Ijyb for 2 turns
  1936 | D:4      | Killed Ijyb
  1987 | D:4      | Reached XP level 6. HP: 57/57 MP: 5/5
  2157 | D:4      | Found a shimmering altar of Xom.
  2192 | D:4      | Identified the +9 sling of Exquisite Death {heavy, ^Contam
                  | Str+4 SInv}
  2524 | D:4      | Found a shadowy altar of Dithmenos.
  2556 | D:5      | Entered Level 5 of the Dungeon
  2653 | D:5      | Found a broken altar of Ashenzari.
  2988 | D:5      | Reached skill level 5 in Shapeshifting
  3042 | D:5      | Reached XP level 7. HP: 46/66 MP: 6/6
  3063 | D:5      | Got the Grimoire of Isometric Ouranomancy
  3181 | D:5      | Found a staircase to the Ecumenical Temple.
  3705 | Temple   | Entered the Ecumenical Temple
  3727 | Temple   | Became a worshipper of Qazlal Stormbringer
  4230 | D:6      | Noticed Eustachio
  4257 | D:6      | Killed Eustachio
  4258 | D:6      | Reached skill level 5 in Unarmed Combat
  4258 | D:6      | Reached skill level 6 in Shapeshifting
  4258 | D:6      | Reached XP level 8. HP: 64/75 MP: 7/7
  4358 | D:6      | Noticed Duvessa
  4366 | D:6      | Noticed Dowan
  4370 | D:6      | Killed Duvessa
  4374 | D:6      | Killed Dowan
  4408 | D:6      | Noticed Sigmund
  5031 | D:6      | Noticed Edmund
  5049 | D:6      | Killed Edmund
  5049 | D:6      | Reached * piety under Qazlal
  5050 | D:6      | Reached skill level 7 in Shapeshifting
  5162 | D:6      | Killed Sigmund
  5385 | D:7      | Reached XP level 9. HP: 84/84 MP: 8/8
  5721 | D:7      | Found a hide-covered altar of Uskayaw.
  5886 | D:8      | Found a flagged portal.
  5900 | D:7      | Reached skill level 8 in Shapeshifting
  5970 | Bailey   | Entered a bailey
  6083 | Bailey   | Reached ** piety under Qazlal
  6084 | Bailey   | Reached skill level 5 in Dodging
  6209 | Bailey   | Reached skill level 5 in Fighting
  6272 | Bailey   | Noticed Prince Ribbit
  6331 | Bailey   | Killed Prince Ribbit
  6350 | Bailey   | Noticed a vault guard
  6385 | Bailey   | Noticed a vault guard
  6388 | Bailey   | Killed a vault guard
  6389 | Bailey   | Reached skill level 9 in Shapeshifting
  6389 | Bailey   | Reached XP level 10. HP: 60/96 MP: 9/9
  6449 | Bailey   | Killed a vault guard
  7316 | D:8      | Found a sparkling altar of Nemelex Xobeh.
  7365 | D:8      | Reached skill level 1 in Throwing
  7396 | D:8      | Found a glowing golden altar of the Shining One.
  7396 | D:8      | Found a white marble altar of Elyvilon.
  7396 | D:8      | Found a glowing silver altar of Zin.
  7461 | D:8      | Found a staircase to the Lair.
  7463 | D:8      | Reached *** piety under Qazlal
  7463 | D:8      | Killed by an exploding orc... ignited by their inner flame

Illustrated notes

Levels and vault maps discovered:
D:1:      kennysheep_arrival_seaside, layout_loops_ring
D:2:      layout_rooms, kennysheep_small_spiral, kennysheep_generic_room_8
D:3:      layout_loops_ring, pf_just_have_faith, minivault_14
D:4:      layout_basic, mainiacjoe_overflow_big_doors, st_stairs_13,
          minmay_goblin_kobold_house, uniq_blork_the_orc, uniq_ijyb
D:5:      layout_basic, cheibrodos_ashenzari_chains, minmay_temple_entry_fiery,
          serial_library, serial_library_hellmonk_recessed_alcove,
          serial_library_hellmonk_narrow_alcove,
          serial_library_regret_index_headful,
          serial_library_hellmonk_semicircle, serial_library_hellmonk_room_a,
          serial_library_hellmonk_big_corner, serial_library_hellmonk_room_c,
          serial_library_hellmonk_hallway_a, serial_library_hellmonk_room_b,
          serial_library_hellmonk_room_a
D:6:      layout_basic, uniq_sigmund, uniq_duvessa, uniq_edmund, uniq_eustachio
D:7:      layout_rooms, nicolae_uskayaw_dance_hall
D:8:      layout_cave_pools, dreamdust_divine_triumvirate,
          mainiacjoe_overflow_24_doors, erik_lair_orcish_takeover,
          enter_bailey_5, minmay_unpleasant_kobolds
Temple:   nicolae_temple_superstar

Skill      XL: |  1  2  3  4  5  6  7  8  9 10 |
---------------+-------------------------------+-----
Fighting       | 1 2 3 4 5 6 |  6.0
Dodging        | 2 3 4 5 6 |  6.2
Shapeshifting  | 4 5 6 7 9 |  9.9
Unarmed Combat | 4 5 6 7 |  7.8
Throwing       | 1 |  1.6

Action                     |  1- 3 |  4- 6 |  7- 9 | 10-12 || total
---------------------------+-------+-------+-------+-------++-------
  Melee: Unarmed           |    72 |   141 |   265 |    70 ||   548
         Punch             |       |       |     5 |     1 ||     6
   Fire: Sling             |       |    11 |       |       ||    11
  Throw: Dart              |       |     6 |    19 |       ||    25
         Boomerang         |       |       |       |     3 ||     3
  Evoke: Wand              |       |       |    11 |       ||    11
    Use: Scroll            |       |       |     7 |     2 ||     9
         Potion            |       |       |     2 |     1 ||     3
   Stab: Paralysed         |       |       |     7 |       ||     7
 Armour: Animal skin       |    49 |   103 |   171 |    43 ||   366
  Dodge: Dodged            |    37 |   108 |   115 |    39 ||   299
  Block: Other             |       |       |    10 |    13 ||    23

Table legend: (Time is in decaauts)
 A = Elapsed time spent in this place.
 B = Non-inter-level travel time spent in this place.
 C = Inter-level travel time spent in this place.
 D = Time resting spent in this place.
 E = Time spent auto-exploring this place.
 F = Levels seen in this place.
 G = Mean time per level.
                   A        B        C        D        E       F      G
               +--------+--------+--------+--------+--------+-----+--------+
         Total |   7396 |   6987 |    409 |    912 |   4087 |  10 |  739.6 |
       Dungeon |   6797 |   6407 |    390 |    669 |   4058 |   8 |  849.6 |
        Temple |     40 |     22 |     18 |      0 |      0 |   1 |   40.0 |
        Bailey |    558 |    558 |      0 |    243 |     29 |   1 |  558.0 |
               +--------+--------+--------+--------+--------+-----+--------+

Top non-repeatable levels by time:
     D:6: 1457 daAuts
     D:5: 1286 daAuts
     D:1: 822 daAuts
     D:8: 800 daAuts
     D:4: 773 daAuts
     D:7: 696 daAuts
     D:3: 566 daAuts
  Bailey: 558 daAuts
     D:2: 393 daAuts
  Temple: 40 daAuts
